 Dungeon Crawl Stone Soup version 0.13.1-17-g0f9d4ff (webtiles) character file.

419 Lilouch the Poker (level 6, -1/48 HPs)
             Began as a Mummy Fighter on Dec 16, 2013.
             Slain by a centaur (3 damage)
             ... on Level 6 of the Dungeon.
             The game lasted 00:09:25 (3766 turns).

Lilouch the Poker (Mummy Fighter)                   Turns: 3766, Time: 00:09:25

HP  -1/48        AC 11     Str 21      XL: 6   Next: 14%
MP   5/5         EV  5     Int  7      God:
Gold 117         SH 19     Dex 11      Spells:  0 memorised,  5 levels left

Res.Fire  : x . .   See Invis. : .   a - +0,-1 trident
Res.Cold  : + . .   Warding    : .   m - -1 orc chain mail (curse)
Life Prot.: + + +   Conserve   : .   c - +0 shield
Res.Poison: +       Res.Corr.  : .   (no helmet)
Res.Elec. : .       Clarity    : .   (no cloak)
Sust.Abil.: . .     Spirit.Shd : .   f - +2 pair of dwarf bracers {archer}
Res.Mut.  : .       Stasis     : +   (no boots)
Res.Rott. : +       Flight     : .   i - amulet of stasis {unknown}
Saprovore : . . .                    (no ring)
                                     (no ring)

@: somewhat resistant to hostile enchantments, extremely unstealthy
A: no food or potions, fire vulnerability, restore body, cold resistance 1, life
protection 3, poison resistance, torment resistance, unbreathing
a: no special abilities


You were on level 6 of the Dungeon.
You were not hungry.

You visited 1 branch of the dungeon, and saw 6 of its levels.

You collected 97 gold pieces.

Inventory:

Hand weapons
 a - a +0,-1 trident (weapon)
 l - a +1,+1 halberd of flaming
Armour
 c - a +0 shield (worn)
 f - a +2 pair of dwarven bracers of archery (worn)
 j - a +0 chain mail
 m - a cursed -1 orcish chain mail (worn)
 n - a +0 elven chain mail
Magical devices
 o - a wand of disintegration (6) {unknown}
 p - a wand of confusion (14) {unknown}
Scrolls
 b - a scroll of noise {unknown}
 d - 4 scrolls of teleportation {unknown}
 e - a scroll of curse weapon {unknown}
 g - 4 scrolls of identify {unknown}
 h - a scroll of curse jewellery {unknown}
 k - a scroll of remove curse {unknown}
Jewellery
 i - an amulet of stasis (around neck) {unknown}


   Skills:
 - Level 3.0 Fighting
 * Level 3.9 Polearms
 + Level 3.6 Armour
 + Level 3.4 Shields


You had 5 spell levels left.
You didn't know any spells.

Dungeon Overview and Level Annotations

Branches:
Dungeon (6/27)
 Temple: D:4-7          Orc: D:6-11

Altars:

Shops:
D:5 =


Innate Abilities, Weirdness & Mutations

You do not eat or drink.
Your flesh is vulnerable to fire.
Your flesh is cold resistant.
You are immune to negative energy.
Your system is resistant to poisons.
You are immune to unholy pain and torment.
You can survive without breathing.


Message History

You hit the centaur but do no damage.
The centaur is lightly wounded.
You block the centaur's attack.
The centaur hits you but does no damage.
You hit the centaur.
The centaur is heavily wounded.
The centaur hits you but does no damage.
You hit the centaur.
The centaur is heavily wounded.
You block the centaur's attack. The centaur hits you!
* * * LOW HITPOINT WARNING * * *
The orc hits you but does no damage.
You puncture the centaur!
The centaur is almost dead.
The centaur hits you but does no damage.
The orc hits you but does no damage.
You hit the centaur.
The centaur is almost dead.
The centaur hits you.
You die...

###...........##.'........#
#..
#######'########........#
#>. #.## #####'#### ###
#..# #..# ##.# ######'#
####'## ........
#.[...#####.......
#.....'..)#........
#.....###o@c....... #.....#
###........ #.....# .......
#.....# ####+## ##+####


You could see a centaur and an orc.

Vanquished Creatures
  A jelly (D:6)
  An orc priest (D:6)
  A scorpion (D:3)
  An orc wizard (D:6)
  Terence (D:3)
  4 adders
  4 gnolls (D:3)
  A giant mite (D:6)
  2 worms (D:3)
  A giant eyeball (D:4)
  5 orcs
  A ball python (D:2)
  8 bats
  12 hobgoblins
  7 jackals (D:3)
  10 kobolds
  7 giant cockroaches
  3 giant geckos
  9 giant newts
  4 goblins
  6 rats
89 creatures vanquished.

Vanquished Creatures (others)
  An orc wizard (D:6)
1 creature vanquished.

Grand Total: 90 creatures vanquished

Notes
Turn   | Place    | Note
--------------------------------------------------------------
     0 | D:1      | Lilouch, the Mummy Fighter, began the quest for the Orb.
     0 | D:1      | Reached XP level 1. HP: 18/18 MP: 0/0
   265 | D:1      | Reached XP level 2. HP: 20/24 MP: 1/1
  1027 | D:2      | Reached XP level 3. HP: 30/30 MP: 2/2
  1869 | D:3      | Reached XP level 4. HP: 33/36 MP: 3/3
  2638 | D:3      | Noticed Terence
  2681 | D:3      | Killed Terence
  2681 | D:3      | Reached XP level 5. HP: 28/41 MP: 4/4
  3317 | D:5      | Entered Level 5 of the Dungeon
  3317 | D:5      | Found Coip's Jewellery Shoppe.
  3658 | D:6      | Reached XP level 6. HP: 48/48 MP: 5/5
  3749 | D:6      | Noticed a centaur
  3764 | D:6      | HP: 2/48 [centaur (7)]
  3766 | D:6      | Slain by a centaur

Action                   |  1- 3 |  4- 6 || total
-------------------------+-------+-------++-------
Melee: Trident           |   157 |   237 ||   394
